 Dungeon Crawl Stone Soup version 0.23-a0-641-g0a7f1ce553 (webtiles) character file.

270 Holzbalken the Cudgeler (level 6, -2/39 HPs)
             Began as a Demonspawn Gladiator on Dec 30, 2018.
             Was a Follower of Qazlal.
             Killed from afar by an electric eel (7 damage)
             ... with a bolt of electricity
             ... on level 6 of the Dungeon.
             The game lasted 00:09:27 (2967 turns).

Holzbalken the Cudgeler (Demonspawn Gladiator)      Turns: 2967, Time: 00:09:28

Health: -2/39      AC:  5    Str: 16    XL:     6   Next: 1%
Magic:  6/6        EV: 13    Int: 14    God:    Qazlal [*.....]
Gold:   85         SH:  1    Dex: 18    Spells: 5/5 levels left

rFire    . . .     SeeInvis .   a - +0 flail
rCold    . . .     Gourm    .   (no shield)
rNeg     . . .     Faith    .   b - +0 leather armour
rPois    .         Spirit   .   c - +0 helmet
rElec    .         Reflect  .   m - +0 cloak
rCorr    .         Harm     .   (no gloves)
MR       .....                  (no boots)
Stlth    ++........             (no amulet)
HPRegen  0.13/turn              h - +4 ring of dexterity
MPRegen  0.10/turn              (no ring)

@: no status effects
A: claws 1, clever 2, demonic guardian 1, frail 1, nightstalker 1, MP-powered
wands
a: Renounce Religion


You were on level 6 of the Dungeon.
You worshipped Qazlal.
Qazlal was aware of your devotion.
You were hungry.

You visited 1 branch of the dungeon, and saw 4 of its levels.

You collected 85 gold pieces.

Inventory:

Hand Weapons
 a - a +0 flail (weapon)
Missiles
 d - 4 throwing nets (quivered)
Armour
 b - a +0 leather armour (worn)
 c - a +0 helmet (worn)
 m - a +0 cloak (worn)
 t - a +0 leather armour of fire resistance
Jewellery
 h - a +4 ring of dexterity (left claw)
Scrolls
 e - 2 scrolls of teleportation {unknown}
 j - 5 scrolls of identify {unknown}
 k - a scroll of amnesia {unknown}
 n - a scroll of blinking {unknown}
 q - a scroll of enchant weapon {unknown}
Potions
 i - a potion of haste {unknown}
 l - a potion of agility {unknown}
 o - 2 potions of curing {unknown}
 p - a potion of mutation
 r - a potion of brilliance {unknown}
 s - a potion of berserk rage {unknown}
Comestibles
 f - 2 rations


   Skills:
 - Level 2.0 Fighting
 * Level 6.2 Maces & Flails
 - Level 1.7 Throwing
 - Level 2.6 Dodging


You had 5 spell levels left.
You didn't know any spells.
Your spell library was empty.

Dungeon Overview and Level Annotations

Branches:
Dungeon (3/15)

Altars:
Okawaru
Qazlal


Innate Abilities, Weirdness & Mutations

You have sharp fingernails.
A weak demonic guardian rushes to your aid.
You are slightly more attuned to the shadows.
Your mind is very acute. (Int +4)
You are frail. (-10% HP)
You expend magic power (3 MP) to strengthen your wands.


Message History

The electric eel shoots out a bolt of lightning at you!
The bolt of electricity hits the plant.
The bolt of electricity hits you!
The electric eel shoots out a bolt of lightning at you!
The bolt of electricity hits the electric eel.
The electric eel completely resists.
The bolt of electricity hits the plant.
The bolt of electricity hits you!
A bolt of electricity appears from out of your range of vision.
The bolt of electricity hits your white imp.
Your white imp dies!
You enter the shallow water.
Moving in this stuff is going to be slow.
The electric eel shoots out a bolt of lightning at you!
The bolt of electricity hits you!
* * * LOW HITPOINT WARNING * * *
The electric eel shoots out a bolt of lightning at you!
The bolt of electricity hits you!
* * * LOW HITPOINT WARNING * * *
The electric eel shoots out a bolt of lightning at you!
The bolt of electricity hits the plant.
The bolt of electricity hits you!
You die...

≈≈≈## .≈≈≈##
####P.≈≈##
#..#.≈≈≈≈##
#..#≈≈≈≈≈≈##
#..#≈§≈≈≈≈≈#
#.)#.≈≈≈≈≈≈≈
#)##@.≈≈≈≈≈≈
#P..PP.≈≈≈≈≈
#######≈≈≈≈≈
;≈;≈≈ ≈≈≈≈#
≈### ≈


You could see an electric eel.

Vanquished Creatures
  A gnoll shaman (D:6)
  2 orc wizards (D:3)
  Robin (D:3)
  3 gnolls (D:6)
  5 adders
  A shadow imp (D:2)
  2 worms (D:2)
  3 dart slugs
  3 leopard geckos
  3 orcs (D:3)
  3 bats (D:2)
  2 giant cockroaches (D:1)
  15 goblins
  6 hobgoblins
  4 kobolds (D:1)
  A ball python (D:2)
  3 frilled lizards
  7 rats
65 creatures vanquished.

Vanquished Creatures (collateral kills)
  A jelly (D:6)
1 creature vanquished.

Grand Total: 66 creatures vanquished

Notes
Turn   | Place    | Note
-------+----------+-------------------------------------------
     0 | D:1      | Holzbalken the Demonspawn Gladiator began the quest for the
                  | Orb.
     0 | D:1      | Reached XP level 1. HP: 16/16 MP: 1/1
   154 | D:1      | Reached skill level 3 in Maces & Flails
   293 | D:1      | Gained mutation: You have sharp fingernails. [demonic
                  | ancestry]
   293 | D:1      | Reached XP level 2. HP: 22/22 MP: 2/2
  1023 | D:2      | Found a faded altar of an unknown god.
  1113 | D:2      | Found a stormy altar of Qazlal.
  1123 | D:2      | Became a worshipper of Qazlal Stormbringer
  1139 | D:2      | Found an iron altar of Okawaru.
  1223 | D:2      | Gained mutation: A weak demonic guardian rushes to your
                  | aid. [demonic ancestry]
  1223 | D:2      | Reached XP level 3. HP: 23/27 MP: 3/3
  1353 | D:2      | Reached skill level 4 in Maces & Flails
  1495 | D:2      | Reached XP level 4. HP: 24/33 MP: 4/4
  1985 | D:3      | Reached skill level 5 in Maces & Flails
  2001 | D:3      | Gained mutation: You are slightly more attuned to the
                  | shadows. [demonic ancestry]
  2001 | D:3      | Reached XP level 5. HP: 13/38 MP: 5/5
  2192 | D:3      | Noticed Robin
  2223 | D:3      | Reached * piety under Qazlal
  2251 | D:3      | Killed Robin
  2465 | D:3      | You fall through a shaft for 3 floors!
  2598 | D:6      | Reached skill level 6 in Maces & Flails
  2602 | D:6      | Gained mutation: Your mind is acute. (Int +2) [potion of
                  | mutation]
  2602 | D:6      | Gained mutation: You are frail. (-10% HP) [potion of
                  | mutation]
  2602 | D:6      | Gained mutation: You expend magic power (3 MP) to
                  | strengthen your wands. [potion of mutation]
  2602 | D:6      | Gained mutation: Your mind is very acute. (Int +4) [potion
                  | of mutation]
  2828 | D:6      | Reached XP level 6. HP: 21/39 MP: 6/6
  2967 | D:6      | Killed from afar by an electric eel

Vault maps used:
D:1:      dpeg_arrival_erosion
D:2:      lemuel_round_altar, okawaru_trees_1, chequers_ecumenical_altar_lobes
D:3:      minmay_misc_feat_cross, xom_redecorated, uniq_robin,
          uniq_crazy_yiuf_cottage, uniq_terence
D:6:      wad_lake_hut, zin_purify, dancing_weapons_uskayaw,
          minmay_shop_damaged, grunt_decor_resistance

Skill      XL: |  1  2  3  4  5 |
---------------+----------------+-----
Maces & Flails | 3 4 5 6 |  6.2
Fighting       | |  2.0
Throwing       | |  1.7
Dodging        | |  2.6

Action                   |  1- 3 |  4- 6 || total
-------------------------+-------+-------++-------
Melee: Flail             |    98 |   127 ||   225
  Use: Potion            |       |     1 ||     1
 Stab: Sleeping          |     1 |       ||     1
       Distracted        |       |     1 ||     1
  Eat: Chunk             |     2 |     4 ||     6
Armor: Leather armour    |    30 |    27 ||    57
Dodge: Dodged            |    63 |   109 ||   172
Block: Other             |       |     2 ||     2

Table legend:
 A = Non-vault XP
 B = Vault XP
 C = Vault XP percentage of total XP
 D = Non-vault monster count
 E = Vault monster count
 F = Vault count percentage of total count
                 A         B        C        D         E       F
            +---------+---------+-------+---------+---------+-------
      Total |     352 |      34 |   8.8 |      54 |      12 |  18.2
            +---------+---------+-------+---------+---------+-------
        D:1 |      24 |       0 |   0.0 |      12 |       0 |   0.0
        D:2 |      92 |       0 |   0.0 |      24 |       0 |   0.0
        D:3 |     127 |      34 |  21.1 |      13 |      12 |  48.0
        D:6 |     109 |       0 |   0.0 |       5 |       0 |   0.0
            +---------+---------+-------+---------+---------+-------
